 Dungeon Crawl Stone Soup version 0.31-a0-986-g5e6e4ef867 (webtiles) character file.

Game seed: 10376345380383580047

745 hikkokomori the Chiller (level 7, -5/54 HPs)
             Began as a Merfolk Ice Elementalist on Nov 20, 2023.
             Slain by a mummy (11 damage)
             ... in an ossuary.
             The game lasted 00:12:22 (4499 turns).

hikkokomori the Chiller (Merfolk Ice Elementalist)  Turns: 4499, Time: 00:12:22

Health: -5/54      AC: 14    Str:  8    XL:     7   Next: 76%
Magic:  11/13      EV: 11    Int: 14    God:
Gold:   159        SH:  5    Dex: 22    Spells: 7/14 levels left

rFire   . . .        s - +2 dagger (speed)
rCold   . . .        (no shield)
rNeg    . . .        o - +2 ring mail of Upyakkas {Contam +Inv rElec Dex+5}
rPois   .            (no helmet)
rElec   +            (no cloak)
rCorr   .            (no gloves)
SInv    .            (no boots)
Will    .....        p - amulet of reflection
Stlth   +++          l - +4 ring of protection
HPRegen 0.29/turn    (no ring)
MPRegen 0.13/turn

%: reflection
@: ice-armoured
A: (nimble swimmer 2), mertail
a: Evoke Invisibility


You were in an ossuary.
You visited 1 branch of the dungeon, and saw 6 of its levels.
You also visited: Ossuary.

You collected 159 gold pieces.

Inventory:

Hand Weapons
 f - a +0 dagger
 s - a +2 dagger of speed (weapon)
Armour
 a - a +1 robe
 o - the +2 ring mail of Upyakkas (worn) {Contam +Inv rElec Dex+5}
   (You found it on level 2 of the Dungeon)

   Dex+5:     It affects your dexterity (+5).
   rElec:     It insulates you from electricity.
   +Inv:      It lets you turn invisible.
   Contam:    It causes magical contamination when unequipped.
 q - the +1 leather armour "Qycsuaps" {+Inv rCorr SInv}
   (You found it on level 5 of the Dungeon)

   SInv:      It lets you see invisible.
   +Inv:      It lets you turn invisible.
   rCorr:     It protects you from acid and corrosion.
Jewellery
 l - a +4 ring of protection (left hand)
 p - an amulet of reflection (around neck)
 t - a ring of fire
Scrolls
 i - a scroll of vulnerability
 j - 3 scrolls of teleportation
 k - 2 scrolls of enchant armour
 n - 3 scrolls of noise
Potions
 b - a potion of magic
 c - 2 potions of heal wounds
 d - a potion of brilliance {unknown}
 e - 3 potions of curing
 g - 2 potions of ambrosia
 h - 2 potions of attraction
 m - a potion of invisibility
 r - a potion of haste {unknown}


   Skills:
 + Level 4.0 Fighting
 - Level 2.1 Armour
 - Level 2.6 Dodging
 - Level 4.7 Stealth
 + Level 4.0 Spellcasting
 + Level 6.1 Ice Magic


You had 7 spell levels left.
You knew the following spells:

 Your Spells              Type           Power      Damage    Failure   Level
a - Freeze                Ice            80%        1d9       4%          1
b - Frozen Ramparts       Ice            40%        1d7       14%         3
c - Ozocubu's Armour      Ice            20%        N/A       14%         3

Your spell library contained the following spells:

 Spells                   Type           Power      Damage    Failure   Level
 Ensorcelled Hibernation  Hex/Ice        22%        N/A       24%         2
 Passwall                 Tmut/Erth      1%         N/A       65%         2
 Wereblood                Tmut           2%         N/A       65%         2
 Summon Ice Beast         Ice/Summ       11%        N/A       85%         4
 Swiftness                Air            2%         N/A       86%         3
 Irradiate                Conj/Tmut      1%         3d12      100%        5
 Iskenderun's Battlesphe  Conj           2%         2d6       100%        5
 Bombard                  Conj/Erth      1%         9d1       100%        6
 Ozocubu's Refrigeration  Ice            10%        4d9       100%        7
 Spellforged Servitor     Conj/Summ      1%         N/A       100%        7


Dungeon Overview and Level Annotations

Branches:
Dungeon (6/15)             Temple (0/1) D:5         Ossuary (1/1)

Altars:
Ashenzari
Elyvilon
Uskayaw
Wu Jian
Zin

Annotations:
D:5 Dowan


Innate Abilities, Weirdness & Mutations

((You are very nimble when in or above water. (Stealth+, EV+, Speed+++)))
Your lower body shifts to a powerful aquatic tail in water.


Message History

You are too injured to fight recklessly!
You are too injured to fight recklessly!
You are too injured to fight recklessly!
You are too injured to fight recklessly!
You are too injured to fight recklessly!
You are too injured to fight recklessly!
You are too injured to fight recklessly!
You hit the mummy.
The mummy is severely damaged.
You hit the mummy.
The mummy is almost destroyed.
The mummy barely misses you.
You hit the mummy.
The mummy is almost destroyed.
You block the mummy's attack.
You hit the mummy.
You destroy the mummy!
Your Fighting skill increases to level 4!
You hit the mummy but do no damage. The mummy barely misses you.
You barely miss the mummy. You hit the mummy.
The mummy is lightly damaged.
You hit the mummy.
The mummy is lightly damaged.
The mummy hits you.
* * * LOW HITPOINT WARNING * * *
You hit the mummy.
The mummy is heavily damaged.
You hit the mummy but do no damage.
The mummy is heavily damaged.
The mummy hits you!
* * * LOW HITPOINT WARNING * * *
You hit the mummy.
The mummy is heavily damaged.
You hit the mummy.
The mummy is severely damaged.
You hit the mummy but do no damage.
The mummy is severely damaged.
The mummy hits you!
You die...

##########
##........
##......####
#....@M##..## ..
#.....##....##....
#.................
##...............
##.............
#+##........#
##......##
##....## #....#


You could see a mummy.

Vanquished Creatures
  Duvessa (D:5)
  A black bear (D:4)
  2 phantoms
  3 hounds
  2 iguanas
  2 orc wizards
  5 mummies (Ossuary)
  6 adders
  A white imp (D:5)
  A worm (D:2)
  A dart slug (D:2)
  7 orcs
  6 ball pythons
  4 bats
  7 endoplasms
  2 giant cockroaches
  5 hobgoblins
  4 jackals (D:1)
  3 quokkas
  4 frilled lizards
  7 goblins
  3 hobgoblin zombies (Ossuary)
  2 kobolds
  2 kobold zombies (Ossuary)
  3 orc zombies (Ossuary)
  5 rats
89 creatures vanquished.

Notes
Turn   | Place    | Note
-------+----------+-------------------------------------------
     0 | D:1      | hikkokomori the Merfolk Ice Elementalist began the quest
                  | for the Orb.
     0 | D:1      | Reached XP level 1. HP: 13/13 MP: 3/3
   197 | D:1      | Reached XP level 2. HP: 20/20 MP: 5/5
   284 | D:1      | Found a faded altar of an unknown god.
   629 | D:1      | Reached skill level 1 in Fighting
   707 | D:1      | Reached XP level 3. HP: 13/26 MP: 0/6
   711 | D:1      | Learned a level 3 spell: Frozen Ramparts
  1282 | D:2      | Identified the +2 ring mail of Upyakkas {Contam +Inv rElec
                  | Dex+5}
  1775 | D:3      | Reached XP level 4. HP: 29/32 MP: 0/7
  1904 | D:3      | Found an ornate altar of the Wu Jian Council.
  2052 | D:3      | Reached skill level 5 in Ice Magic
  2119 | D:3      | Found a hide-covered altar of Uskayaw.
  2152 | D:3      | Reached XP level 5. HP: 38/38 MP: 5/9
  2954 | D:4      | Reached skill level 1 in Armour
  3021 | D:4      | Learned a level 3 spell: Ozocubu's Armour
  3063 | D:4      | Noticed a black bear
  3071 | D:4      | Killed a black bear
  3072 | D:4      | Reached XP level 6. HP: 45/46 MP: 3/10
  3615 | D:4      | Found a glowing silver altar of Zin.
  3654 | D:4      | Found a white marble altar of Elyvilon.
  3863 | D:5      | Entered Level 5 of the Dungeon
  3931 | D:5      | Reached XP level 7. HP: 51/52 MP: 8/12
  3934 | D:5      | Identified the +1 leather armour "Qycsuaps" {+Inv rCorr
                  | SInv}
  3955 | D:5      | Noticed Duvessa
  3957 | D:5      | Noticed Dowan
  3975 | D:5      | Killed Duvessa
  4080 | D:5      | Found a broken altar of Ashenzari.
  4089 | D:5      | Reached skill level 6 in Ice Magic
  4186 | D:5      | Found a staircase to the Ecumenical Temple.
  4221 | D:5      | Found a sand-covered staircase.
  4228 | Ossuary  | Entered an ossuary
  4499 | Ossuary  | Slain by a mummy

Illustrated notes

Levels and vault maps discovered:
D:1:      dpeg_arrival_tiny_g, layout_basic,
          shapermc_ecumenical_altar_hornbeckon
D:2:      layout_loops_cross, minmay_misc_feat_hallway
D:3:      layout_loops_corners, nicolae_uskayaw_suspiria,
          mainiacjoe_overflow_concentric_impassable, minmay_quadrilaterals
D:4:      layout_loops_ring, marbit_many_paths, zin_statuary
D:5:      layout_rooms, lemuel_round_altar, minmay_temple_entry_metal_lava,
          chequers_ossuary_entry_cave, uniq_duvessa
D:6:      old_forge, layout_loops_ring, serial_shops, shop, grunt_ministairs_6
Ossuary:  ossuary_tomb_3

Skill      XL: |  1  2  3  4  5  6  7 |
---------------+----------------------+-----
Fighting       | 1 2 3 4 |  4.0
Stealth        | 3 4 |  4.7
Ice Magic      | 5 6 |  6.1
Armour         | 1 2 |  2.1
Spellcasting   | 3 4 |  4.0
Dodging        | |  2.6

Action                     |  1- 3 |  4- 6 |  7- 9 || total
---------------------------+-------+-------+-------++-------
  Melee: Dagger            |    93 |   105 |   117 ||   315
         Unarmed           |     6 |       |       ||     6
         Punch             |       |       |     4 ||     4
   Cast: Freeze            |    46 |    30 |     7 ||    83
         Frozen Ramparts   |       |     3 |     3 ||     6
         Ozocubu's Armour  |       |     1 |     3 ||     4
    Use: Scroll            |     4 |     6 |     2 ||    12
   Stab: Sleeping          |     3 |     8 |     1 ||    12
 Armour: Robe              |    67 |       |       ||    67
         Ring mail         |     3 |    66 |    41 ||   110
  Dodge: Dodged            |    86 |    43 |    32 ||   161
  Block: Other             |       |     9 |    20 ||    29

Table legend: (Time is in decaauts)
 A = Elapsed time spent in this place.
 B = Non-inter-level travel time spent in this place.
 C = Inter-level travel time spent in this place.
 D = Time resting spent in this place.
 E = Time spent auto-exploring this place.
 F = Levels seen in this place.
 G = Mean time per level.
                   A        B        C        D        E       F      G
               +--------+--------+--------+--------+--------+-----+--------+
         Total |   4424 |   4233 |    191 |    171 |   3047 |   7 |  632.0 |
       Dungeon |   4186 |   3995 |    191 |    143 |   3015 |   6 |  697.7 |
       Ossuary |    238 |    238 |      0 |     28 |     32 |   1 |  238.0 |
               +--------+--------+--------+--------+--------+-----+--------+

Top non-repeatable levels by time:
     D:3: 1160 daAuts
     D:1: 994 daAuts
     D:4: 913 daAuts
     D:2: 762 daAuts
     D:5: 263 daAuts
 Ossuary: 238 daAuts
     D:6: 91 daAuts
